 Dungeon Crawl Stone Soup version 0.28.0-55-gcd9437bce4 (webtiles) character file.

Game seed: 16098945997292944927

1035 tkbsonic5 the Magician (level 8, -4/52 HPs)
             Began as a Mummy Conjurer on Dec 15, 2022.
             Was an Initiate of Sif Muna.
             Slain by Duvessa
             ... wielding a +0 rapier
              (19 damage)
             ... on level 5 of the Dungeon.
             The game lasted 00:28:36 (6793 turns).

tkbsonic5 the Magician (Mummy Conjurer)             Turns: 6793, Time: 00:28:37

Health: -4/52      AC:  3    Str: 11    XL:     8   Next: 3%
Magic:  14/17      EV: 11    Int: 19    God:    Sif Muna [......]
Gold:   295        SH:  0    Dex: 10    Spells: 5/19 levels left

rFire   x . .      SeeInvis .   g - +0 hand axe
rCold   + . .      Faith    .   (no shield)
rNeg    + + +      Spirit   .   a - +0 robe
rPois   ∞          Reflect  .   o - +0 helmet
rElec   .          Harm     .   (no cloak)
rCorr   .          Rampage  .   (no gloves)
Will    ++...                   (no boots)
Stlth   ++........              (no amulet)
HPRegen 0.17/turn               q - ring of willpower
MPRegen 0.15/turn               (no ring)

@: about to teleport
A: cold resistance 1, negative energy resistance 3, torment resistance 2, heat
vulnerability 1, no potions
a: Renounce Religion


You were on level 5 of the Dungeon.
You worshipped Sif Muna.
Sif Muna was noncommittal.
You visited 1 branch of the dungeon, and saw 6 of its levels.

You collected 295 gold pieces.

Inventory:

Hand Weapons
 g - a +0 hand axe (weapon)
Missiles
 d - 19 bolts
 l - 5 poisoned darts
Armour
 a - a +0 robe (worn)
 c - a +0 leather armour
 j - a +0 ring mail
 o - a +0 helmet (worn)
Jewellery
 q - a ring of willpower (left hand)
Wands
 k - a wand of mindburst (1)
 m - a wand of iceblast (1)
 p - a wand of flame (11)
Scrolls
 b - a scroll of enchant weapon {unknown}
 e - a scroll of magic mapping
 f - 2 scrolls of identify {unknown}
 i - a scroll of amnesia
 n - a scroll of acquirement {unknown}


   Skills:
 - Level 1.5 Dodging
 - Level 1.5 Stealth
 * Level 6.4 Spellcasting
 * Level 5.2 Conjurations
 * Level 3.7 Hexes
 * Level 2.4 Translocations
 + Level 2.0 Evocations


You had 5 spell levels left.
You knew the following spells:

 Your Spells              Type           Power      Damage    Failure   Level
a - Magic Dart            Conj           100%       1d8       1%          1
b - Searing Ray           Conj           52%        2d6       1%          2
c - Dazzling Flash        Conj/Hex       46%        N/A       4%          3
d - Fulminant Prism       Conj/Hex       11%        3d9       17%         4
e - Iskenderun's Mystic   Conj/Tloc      20%        2d6       22%         4

Your spell library contained the following spells:

 Spells                   Type           Power      Damage    Failure   Level


Dungeon Overview and Level Annotations

Branches:
Dungeon (6/15)
 Temple: D:4-7

Altars:
Qazlal
Sif Muna
Yredelemnul
The Shining One

Shops:
D:1 (

Annotations:
D:5 Duvessa


Innate Abilities, Weirdness & Mutations

You are immune to poison.
Your flesh is cold resistant. (rC+)
You are immune to negative energy. (rN+++)
You are immune to unholy pain and torment.
You are vulnerable to heat. (rF-)
You do not drink.


Message History

Duvessa, Sister of Dowan comes into view.
She is wielding a +0 rapier.
A jelly comes into view.
You have reached level 8!
Aiming: Mindburst
Press: ? - help, Shift-Dir - straight line, f - Duvessa
Aim: Duvessa, wielding a +0 rapier and wearing a +0 scale mail (chance to affect: 57%) Duvessa resists with significant effort.
Duvessa goes berserk!
The bullfrog skeleton misses you. The bullfrog skeleton hits you.
You climb upwards.
There is a stone staircase leading down here.
You start resting.
HP restored.
There is a stone staircase leading down here.
You climb downwards.
Level annotation: Duvessa Duvessa rages.
Found a stone staircase leading down.
There is a stone staircase leading up here.
Aiming: Mindburst
Press: ? - help, Shift-Dir - straight line, f - Duvessa
Aim: Duvessa, wielding a +0 rapier and wearing a +0 scale mail (berserk, chance to affect: 57%) Duvessa's mind is blasted!
Aiming: Mindburst
Press: ? - help, Shift-Dir - straight line, f/p - Duvessa
Aim: Duvessa, wielding a +0 rapier and wearing a +0 scale mail (moderately wounded, berserk, chance to affect: 57%) Duvessa resists with significant effort.
Duvessa hits you with a +0 rapier!
You climb upwards.
There is a stone staircase leading down here.
As you read the scroll of teleportation, it crumbles to dust.
You feel strangely unstable. Duvessa hits you with a +0 rapier.
Duvessa hits you with a +0 rapier!!
* * * LOW HITPOINT WARNING * * *
You are too injured to fight recklessly!
Casting: Dazzling Flash (dangerous; 4% risk of failure)
Press: ? - help, Q - select action, (/) - cycle Dir - look around, f - activate Duvessa is dazzled.
Duvessa barely misses you. Duvessa hits you with a +0 rapier!!
You die...

######'####....##..##...##
##..##..#########..##...##
#........+.........#.....#
#........#.........#.....#
######..##...########..'.....#
#....#..########...##..#.....#
..............#....'<<.#.....#
..............#>e..#...#.....#
........!.....#.@..#...#.....#
........##.>####..####'###..##
..##....##'#####..###..#######
#####'####..#................#
##........#................# ##
#.........#................###.
#.........#....................
#.........#............>...##..
##########..##....##....##..####.


You could see Duvessa (berserk, blind).

Vanquished Creatures
  A steam dragon (D:4)
  A sky beast (D:4)
  2 ogres
  A phantom (D:4)
  A kobold brigand (D:6)
  2 scorpions
  Dowan (D:6)
  A water moccasin skeleton (D:5)
  A bullfrog skeleton (D:5)
  A hound (D:4)
  2 centaur skeletons
  A scorpion zombie (D:3)
  4 gnolls (D:5)
  4 adders
  An ufetubus (D:4)
  2 worms
  2 dart slugs
  An orc (D:4)
  4 ball pythons
  8 bats
  7 endoplasms
  2 giant cockroaches
  6 goblins
  5 hobgoblins
  4 jackals (D:2)
  4 quokkas
  A ball python zombie (D:3)
  8 frilled lizards
  A giant cockroach zombie (D:3)
  9 kobolds
  8 rats
96 creatures vanquished.

Vanquished Creatures (others)
  12 fulminant prisms
12 creatures vanquished.

Grand Total: 108 creatures vanquished

Notes
Turn   | Place    | Note
-------+----------+-------------------------------------------
     0 | D:1      | tkbsonic5 the Mummy Conjurer began the quest for the Orb.
     0 | D:1      | Reached XP level 1. HP: 13/13 MP: 4/4
    91 | D:1      | Found Loedoas's Antique Weapon Boutique.
   108 | D:1      | Reached skill level 3 in Spellcasting
   252 | D:1      | Found a faded altar of an unknown god.
   265 | D:1      | Reached XP level 2. HP: 19/19 MP: 4/6
   269 | D:1      | Learned a level 2 spell: Searing Ray
   972 | D:2      | Reached XP level 3. HP: 21/24 MP: 2/8
  1058 | D:2      | Learned a level 3 spell: Dazzling Flash
  1487 | D:2      | Reached skill level 4 in Spellcasting
  1641 | D:2      | Found a stormy altar of Qazlal.
  1886 | D:2      | Reached XP level 4. HP: 30/30 MP: 1/10
  1986 | D:2      | Learned a level 4 spell: Fulminant Prism
  2283 | D:2      | Reached skill level 1 in Hexes
  2404 | D:3      | Noticed an ogre
  2406 | D:3      | Killed an ogre
  2407 | D:3      | Reached XP level 5. HP: 35/35 MP: 11/11
  2934 | D:3      | Found a basalt altar of Yredelemnul.
  3524 | D:4      | Noticed a sky beast
  3526 | D:4      | Killed a sky beast
  3527 | D:4      | Reached skill level 5 in Spellcasting
  3527 | D:4      | Reached skill level 1 in Evocations
  3527 | D:4      | Reached XP level 6. HP: 41/41 MP: 13/13
  3532 | D:4      | Learned a level 4 spell: Iskenderun's Mystic Blast
  4079 | D:4      | Noticed a steam dragon
  4354 | D:4      | Reached skill level 1 in Translocations
  4421 | D:4      | Killed a steam dragon
  4422 | D:4      | Reached XP level 7. HP: 4/46 MP: 8/15
  5135 | D:4      | Reached skill level 5 in Conjurations
  5555 | D:5      | Entered Level 5 of the Dungeon
  5826 | D:5      | Reached skill level 6 in Spellcasting
  6576 | D:5      | Found a shimmering blue altar of Sif Muna.
  6676 | D:5      | Became a worshipper of Sif Muna the Loreminder
  6750 | D:6      | Noticed Dowan
  6754 | D:6      | Killed Dowan
  6754 | D:6      | Noticed Duvessa
  6755 | D:6      | Reached XP level 8. HP: 52/52 MP: 17/17
  6793 | D:5      | Slain by Duvessa

Illustrated notes

Levels and vault maps discovered:
D:1:      tarquinn_simple_flora_water_a, layout_rooms,
          shapermc_ecumenical_altar_totnotflames, serial_shops,
          nicolae_shop_advertising_works [nicolae_subvault_shop_adworks]
D:2:      layout_basic, basic_altar
D:3:      layout_loops_corners, nicolae_yredelemnul_corpse_copse
D:4:      layout_basic, mainiacjoe_overflow_cross_hatched,
          nicolae_ossuary_entry_plus, serial_co_window_serial,
          co_window_paths_a, co_window_paths_a, co_window_of_opportunity_a,
          co_window_paths_a, co_window_cross_1, co_window_corner_b,
          co_window_corner_cb, co_window_corner_b, co_window_4corner_a,
          co_window_paths_d, glass_columns_a, glass_columns_b, glass_columns_a
D:5:      layout_gridville, mainiacjoe_overflow_concentric_impassable
D:6:      layout_cave_pools, trog_hazing_becter, nicolae_overflow_hidden_temple,
          minmay_temple_entry_from_below_a, uniq_duvessa

Skill      XL: |  1  2  3  4  5  6  7 |
---------------+----------------------+-----
Spellcasting   | 3 4 5 6 |  6.4
Hexes          | 1 2 3 |  3.7
Conjurations   | 4 5 |  5.2
Evocations     | 1 2 |  2.0
Translocations | 1 2 |  2.4
Dodging        | |  1.5
Stealth        | |  1.5

Action                   |  1- 3 |  4- 6 |  7- 9 || total
-------------------------+-------+-------+-------++-------
Melee: Dagger            |     2 |       |       ||     2
       Hand axe          |     3 |     1 |     5 ||     9
Throw: Dart              |       |     2 |       ||     2
 Cast: Magic Dart        |    47 |    22 |    13 ||    82
       Searing Ray       |    18 |    19 |     8 ||    45
       Dazzling Flash    |     2 |       |     4 ||     6
       Fulminant Prism   |       |     3 |     9 ||    12
       Iskenderun's Myst |       |       |     1 ||     1
Evoke: Wand              |       |    10 |     8 ||    18
  Use: Scroll            |       |     2 |     4 ||     6
 Stab: Invisible         |       |       |     1 ||     1
       Sleeping          |       |       |     1 ||     1
Armor: Robe              |     1 |     4 |     3 ||     8
       Leather armour    |     3 |       |       ||     3
Dodge: Dodged            |     5 |    13 |    16 ||    34
